 Dungeon Crawl Stone Soup version 0.22.1-1-ga44c0e56f4 (webtiles) character file.

9923 D1HalberdGnoll the Spear-Bearer (level 11, -6/92 HPs)
             Began as a Merfolk Skald on Oct 26, 2018.
             Was an Elder of Zin.
             Impaled on a porcupine's spines (16 damage)
             ... on level 1 of the Lair of Beasts.
             The game lasted 00:31:57 (15066 turns).

D1HalberdGnoll the Spear-Bearer (Merfolk Skald)    Turns: 15066, Time: 00:31:57

Health: -6/92      AC:  7    Str: 15    XL:     11   Next: 54%
Magic:  14/15      EV: 15    Int: 12    God:    Zin [****..]
Gold:   532        SH:  5    Dex: 14    Spells: 8/14 levels left

rFire    . . .     SeeInvis .   y - +4 trident (freeze)
rCold    . . .     Gourm    .   t - +0 buckler
rNeg     . . .     Faith    .   b - +1 leather armour {MR+}
rPois    .         Spirit   .   a - +0 helmet
rElec    .         Reflect  .   n - scarf {cloud immunity}
rCorr    .         Harm     .   e - +0 pair of gloves
MR       +....                  (no boots)
Stlth    +.........             (no amulet)
HPRegen  0.25/turn              w - ring of wizardry
MPRegen  0.14/turn              (no ring)

@: singing
A: change form in water, swift swim, stealthy swim
a: Recite, Vitalisation, Imprison, Donate Gold, Renounce Religion


You were on level 1 of the Lair of Beasts.
You worshipped Zin.
Zin was greatly pleased with you.
You were not hungry.

You visited 3 branches of the dungeon, and saw 12 of its levels.

You collected 591 gold pieces.
You donated 59 gold pieces to Zin.

Inventory:

Hand Weapons
 y - a +4 trident of freezing (weapon)
Missiles
 v - a throwing net (quivered)
Armour
 a - a +0 helmet (worn)
 b - a +1 leather armour of magic resistance (worn)
 e - a +0 pair of gloves (worn)
 n - a scarf of cloud immunity (worn)
 t - a +0 buckler (worn)
Jewellery
 w - a ring of wizardry (left hand)
Wands
 q - a wand of acid (9)
 u - a wand of iceblast (4)
 A - a wand of disintegration (13)
Scrolls
 f - a scroll of fear {unknown}
 g - 3 scrolls of amnesia
 h - a scroll of teleportation
 i - a scroll of identify
 k - 2 scrolls of immolation
 m - 4 scrolls of remove curse
 r - a scroll of noise {unknown}
 z - a scroll of magic mapping
 C - a scroll of fog
 D - a scroll of blinking {unknown}
Potions
 c - 4 potions of cancellation
 j - 2 potions of curing
 l - 3 potions of resistance
 o - 3 potions of magic
 p - a potion of mutation {unknown}
 s - a potion of heal wounds {unknown}
 x - 3 potions of agility {unknown}
 B - a potion of brilliance {unknown}
Comestibles
 d - 11 rations


   Skills:
 + Level 10.7 Fighting
 - Level 14.0 Polearms
 - Level 5.0 Armour
 - Level 6.8 Dodging
 - Level 4.0 Shields
 - Level 2.0 Spellcasting
 - Level 5.0 Charms
 + Level 5.6 Invocations


You had 8 spell levels left.
You knew the following spells:

 Your Spells              Type           Power        Failure   Level  Hunger
a - Infusion              Chrm           ##..         1%          1    ##.....
b - Song of Slaying       Chrm           ##......     2%          2    ###....
d - Spectral Weapon       Hex/Chrm       #.......     14%         3    ####...

Your spell library contained the following spells:

 Spells                   Type           Power        Failure   Level  Hunger
 Shroud of Golubria       Chrm/Tloc      #.........   7%          2    ###....
 Animate Skeleton         Necr           N/A          13%         1    ##.....
 Apportation              Tloc           #.....       13%         1    ##.....
 Confusing Touch          Hex            #.....       13%         1    ##.....
 Corona                   Hex            #......      13%         1    ##.....
 Magic Dart               Conj           #...         13%         1    ##.....
 Summon Small Mammal      Summ           #...         13%         1    ##.....
 Regeneration             Chrm/Necr      #.........   14%         3    ####...
 Searing Ray              Conj           #.....       19%         2    ###....
 Slow                     Hex            #.......     19%         2    ###....
 Dazzling Spray           Conj/Hex       #.....       34%         3    ####...
 Inner Flame              Hex/Fire       #.......     34%         3    ####...
 Portal Projectile        Hex/Tloc       #.....       34%         3    ####...
 Cause Fear               Hex            #.........   75%         4    #####..
 Force Lance              Conj/Tloc      #.......     75%         4    #####..
 Fulminant Prism          Conj/Hex       #.........   75%         4    #####..
 Iskenderun's Mystic Bla  Conj           #.......     75%         4    #####..
 Leda's Liquefaction      Hex/Erth       #.........   75%         4    #####..


Dungeon Overview and Level Annotations

Branches:
Dungeon (10/15)            Temple (1/1) D:7            Lair (1/6) D:10
    Orc: D:9-12

Altars:
Ashenzari
Cheibriados
Dithmenos
Elyvilon
Fedhas
Gozag
Hepliaklqana
Kikubaaqudgha
Makhleb
Nemelex Xobeh
Okawaru
Qazlal
Ru
Sif Muna
Trog
Uskayaw
Vehumet
Wu Jian
Xom
Yredelemnul
Zin
The Shining One

Shops:
D:4 (


Message History

You puncture the porcupine! You freeze the porcupine.
The porcupine is severely wounded.
The porcupine bites you but does no damage.
Attack whom?
Press: ? - help, Dir - move target cursor, f/p - porcupine
Aim: a porcupine (severely wounded)
You miss the porcupine.
The porcupine is severely wounded.
Attack whom?
Press: ? - help, Dir - move target cursor, f/p - porcupine
Aim: a porcupine (severely wounded)
You barely miss the porcupine.
The porcupine is severely wounded.
The porcupine bites you.
* * * LOW HITPOINT WARNING * * *
Attack whom?
Press: ? - help, Dir - move target cursor, f/p - porcupine
Aim: a porcupine (severely wounded)
You are struck by the porcupine's spines.
You die...

#### ##..........+..#
#.#. #............#
...####..........##
.#.#.#.#..†..........#
.......'..#..........#
...P.#.####..(.......#
Y.. ... #..........# .
#### ####r###.###
#@##### #..# ##.#
##.## #...###
##.##.### #.....#.#
###.#...# #####.##


You could see a porcupine.

Vanquished Creatures
  Erica (D:9)
  A two-headed ogre (D:9)
  A spiny frog (Lair:1)
  4 hippogriffs
  A spriggan (D:9)
  A wyvern (D:8)
  A basilisk (Lair:1)
  15 yaks
  A porcupine (Lair:1)
  3 ice beasts
  4 orc warriors
  A sky beast (D:7)
  4 ogres
  An eye of draining (D:10)
  2 phantoms
  A necrophage (D:7)
  2 centaurs
  A crocodile (Lair:1)
  A big kobold (D:6)
  4 bullfrogs
  A gnoll sergeant (D:9)
  A wyvern zombie (D:10)
  7 scorpions
  20 killer bees
  3 howler monkeys (D:9)
  3 electric eels (D:10)
  4 crimson imps
  A jelly (D:8)
  3 hounds
  2 centaur skeletons
  5 orc priests
  2 orc wizards (D:6)
  2 bullfrog skeletons
  8 iguanas
  2 worker ants
  A hound skeleton (D:8)
  A worker ant zombie (D:8)
  A howler monkey skeleton (D:4)
  11 adders
  8 gnolls
  4 shadow imps
  2 oozes
  2 adder skeletons
  An adder zombie (D:10)
  A worm (D:3)
  4 dart slugs
  8 leopard geckos
  31 orcs
  8 giant cockroaches
  5 goblins
  8 hobgoblins
  9 jackals
  6 kobolds
  7 quokkas
  A ball python (D:1)
  5 bats
  5 frilled lizards
  2 quokka skeletons
  6 rats
251 creatures vanquished.

Notes
Turn   | Place    | Note
-------+----------+-------------------------------------------
     0 | D:1      | D1HalberdGnoll the Merfolk Skald began the quest for the
                  | Orb.
     0 | D:1      | Reached XP level 1. HP: 16/16 MP: 3/3
   175 | D:1      | HP: 1/25 [kobold/short sword (2)]
   185 | D:1      | Reached XP level 2. HP: 3/23 MP: 5/5
   596 | D:1      | Reached skill level 4 in Polearms
   725 | D:1      | You fall through a shaft!
   861 | D:1      | Reached XP level 3. HP: 28/28 MP: 6/6
  1511 | D:2      | Reached XP level 4. HP: 25/34 MP: 1/7
  1645 | D:2      | Reached skill level 5 in Polearms
  2145 | D:3      | Learned a level 2 spell: Song of Slaying
  2149 | D:3      | Learned a level 3 spell: Regeneration
  2254 | D:3      | Found a shattered altar of Ashenzari.
  2262 | D:3      | Reached XP level 5. HP: 41/41 MP: 8/8
  2879 | D:4      | Reached skill level 6 in Polearms
  3125 | D:4      | Noticed a phantom
  3139 | D:4      | Reached XP level 6. HP: 37/48 MP: 3/9
  3482 | D:4      | Found Guceusch's Weapon Boutique.
  3512 | D:4      | Killed a phantom
  3512 | D:4      | Reached skill level 7 in Polearms
  3512 | D:4      | Reached skill level 5 in Dodging
  4027 | D:5      | Entered Level 5 of the Dungeon
  4059 | D:4      | Reached skill level 1 in Armour
  4330 | D:5      | Reached XP level 7. HP: 53/55 MP: 10/10
  4354 | D:5      | Reached skill level 8 in Polearms
  4587 | D:5      | Found a radiant altar of Vehumet.
  4587 | D:5      | Found a white marble altar of Elyvilon.
  4632 | D:4      | Reached skill level 5 in Fighting
  4632 | D:4      | Reached skill level 9 in Polearms
  5006 | D:4      | Reached XP level 8. HP: 29/62 MP: 11/11
  5519 | D:4      | Found Guceusch's Weapon Boutique.
  6408 | D:6      | Learned a level 3 spell: Spectral Weapon
  6444 | D:6      | Reached skill level 10 in Polearms
  7089 | D:6      | Reached skill level 11 in Polearms
  7658 | D:6      | Reached XP level 9. HP: 71/71 MP: 12/12
  7979 | D:6      | Found a hide-covered altar of Uskayaw.
  7979 | D:6      | Found a glowing silver altar of Zin.
  8010 | D:6      | Became a worshipper of Zin the Law-Giver
  8010 | D:6      | Reached * piety under Zin
  8163 | D:7      | Reached skill level 12 in Polearms
  8323 | D:7      | Reached ** piety under Zin
  8985 | D:7      | Found a staircase to the Ecumenical Temple.
  8995 | Temple   | Entered the Ecumenical Temple
  9754 | D:8      | Reached skill level 13 in Polearms
  9816 | D:8      | Reached XP level 10. HP: 26/80 MP: 7/13
 10437 | D:8      | Reached skill level 14 in Polearms
 10679 | D:8      | Reached skill level 5 in Armour
 12007 | D:9      | Noticed Erica
 12026 | D:9      | Killed Erica
 12033 | D:9      | Reached skill level 5 in Charms
 12280 | D:9      | Reached *** piety under Zin
 12392 | D:9      | Found an opulent altar of Gozag.
 12491 | D:9      | Reached skill level 1 in Invocations
 12536 | D:9      | Reached skill level 1 in Shields
 13060 | D:10     | Entered Level 10 of the Dungeon
 13265 | D:10     | Reached XP level 11. HP: 89/89 MP: 11/14
 13508 | D:10     | Found a staircase to the Lair.
 13984 | D:10     | Reached skill level 10 in Fighting
 14031 | D:10     | Reached **** piety under Zin
 14084 | D:10     | Noticed a two-headed ogre
 14100 | D:9      | Killed a two-headed ogre
 14907 | Lair:1   | Entered Level 1 of the Lair of Beasts
 15025 | Lair:1   | Reached skill level 5 in Invocations
 15066 | Lair:1   | Impaled on a porcupine's spines

Skill      XL: |  1  2  3  4  5  6  7  8  9 10 11 |
---------------+----------------------------------+-----
Dodging        | 3 4 5 6 |  6.8
Polearms       | 4 5 6 7 9 11 13 14 | 14.0
Fighting       | 3 4 5 6 7 9 10 | 10.7
Armour         | 1 2 3 4 5 |  5.0
Charms         | 5 |  5.0
Invocations    | 2 5 |  5.6
Shields        | 2 4 |  4.0
Spellcasting   | |  2.0

Action                   |  1- 3 |  4- 6 |  7- 9 | 10-12 || total
-------------------------+-------+-------+-------+-------++-------
Melee: Spear             |   180 |    31 |       |       ||   211
       Trident           |       |   191 |   497 |   468 ||  1156
       Tailslap          |       |       |       |     2 ||     2
Throw: Throwing net      |       |       |       |     2 ||     2
 Cast: Infusion          |     4 |     6 |    13 |    12 ||    35
       Song of Slaying   |       |     1 |     5 |     5 ||    11
Invok: Recite            |       |       |     3 |     1 ||     4
Evoke: Wand              |       |       |     2 |     5 ||     7
  Use: Potion            |     3 |       |     4 |     1 ||     8
       Scroll            |       |     8 |     3 |     7 ||    18
 Stab: Sleeping          |     2 |     1 |     2 |     1 ||     6
       Confused          |       |       |     1 |       ||     1
       Distracted        |       |       |       |     1 ||     1
       Held in net/web   |       |       |       |     1 ||     1
  Eat: Chunk             |     2 |     8 |     9 |     8 ||    27
       Ration            |       |       |     3 |     3 ||     6
Armor: Skin              |    17 |       |    24 |       ||    41
       Leather armour    |    23 |    14 |    33 |    66 ||   136
       Ring mail         |       |    32 |    33 |       ||    65
Dodge: Dodged            |    89 |   107 |   240 |   177 ||   613
Block: Buckler           |       |       |       |    28 ||    28
